3AAA
MILTON BILLS @ GRYFINDOR BRAVES
05/23/2017
 
TOP OF THE 1ST
Milton Bills batting - Pitching for Gryfindor Braves : RHP Sandro So Payo
Pitching: RHP Sandro So Payo
Batting: LHB Lance Schiffer 0-0: Foul Ball, location: 2F
0-1: Fly out, F4 (Popup, 4D)
Batting: RHB Shane Franklin 0-0: Ball
1-0: Called Strike
1-1: Foul Ball, location: 2F
1-2: Ball
2-2: Foul Ball, location: 2F
2-2: Strikes out looking
Batting: RHB Chandler Bailey 0-0: Called Strike
0-1: Foul Ball, location: 2F
0-2: Ball
1-2: SOLO HOME RUN (Flyball, 78XD), Distance : 440 ft
Batting: SHB John Allen 0-0: Ball
1-0: Called Strike
1-1: Swinging Strike
1-2: Foul Ball, location: 2F
1-2: Ball
2-2: Foul Ball, location: 2F
2-2: Foul Ball, location: 2F
2-2: Ground out 4-3 (Groundball, 4)
Top of the 1st over - 1 run(s), 1 hit(s), 0 error(s), 0 left on base; Milton 1 - Gryfindor 0
BOTTOM OF THE 1ST
Gryfindor Braves batting - Pitching for Milton Bills : LHP Eric Baxter
Pitching: LHP Eric Baxter
Batting: SHB Jim Unknown 0-0: Ball
1-0: Ground out 5-3 (Groundball, 56)
Batting: RHB Jim Unknown 0-0: Ball
1-0: Called Strike
1-1: Ball
2-1: Ball
3-1: Foul Ball, location: 2F
3-2: Foul Ball, location: 2F
3-2: Base on Balls
Batting: LHB Jim Unknown 0-0: Ball
1-0: SINGLE (Flyball, 7S)
Jim Unknown to second
Batting: RHB Jim Unknown 0-0: Called Strike
0-1: Foul Ball, location: 2F
0-2: Foul Ball, location: 2F
0-2: Ball
1-2: Fly out, F9 (Flyball, 9LM)
Batting: RHB Kyle Wilson 0-0: Ball
Wild Pitch!
Jim Unknown to third
Jim Unknown to second
1-0: DOUBLE (Line Drive, 7LS)
Jim Unknown scores
Jim Unknown scores
Batting: RHB Manuel González 0-0: Called Strike
0-1: Ball
1-1: Called Strike
1-2: Ball
2-2: Fly out, F6 (Popup, 6MS)
Bottom of the 1st over - 2 run(s), 2 hit(s), 0 error(s), 1 left on base; Milton 1 - Gryfindor 2
TOP OF THE 2ND
Milton Bills batting - Pitching for Gryfindor Braves : RHP Sandro So Payo
Batting: SHB Al Anderson 0-0: Ball
1-0: Foul Ball, location: 2F
1-1: Called Strike
1-2: Ball
2-2: Ground out U3 (Groundball, 3L)
Batting: RHB Steve McLeod 0-0: Ball
1-0: Foul Ball, location: 2F
1-1: Ball
2-1: Ball
3-1: Ground out 4-3 (Groundball, 4)
Batting: LHB Johnny Hernández 0-0: Called Strike
0-1: Foul Ball, location: 2F
0-2: Strikes out swinging
Top of the 2nd over - 0 run(s), 0 hit(s), 0 error(s), 0 left on base; Milton 1 - Gryfindor 2
BOTTOM OF THE 2ND
Gryfindor Braves batting - Pitching for Milton Bills : LHP Eric Baxter
Batting: RHB José Casarreal 0-0: Ball
1-0: Ball
2-0: Ball
3-0: Base on Balls
Batting: RHB Jim Unknown 0-0: Grounds into double play, 6-4-3 (Groundball, 6)
Batting: RHB Jim Unknown 0-0: Ball
1-0: Ball
2-0: SINGLE (Line Drive, 9S)
Batting: SHB Jim Unknown 0-0: Foul Ball, location: 2F
0-1: Called Strike
0-2: Strikes out looking
Bottom of the 2nd over - 0 run(s), 1 hit(s), 0 error(s), 1 left on base; Milton 1 - Gryfindor 2
TOP OF THE 3RD
Milton Bills batting - Pitching for Gryfindor Braves : RHP Sandro So Payo
Batting: RHB Jim Lee 0-0: Ball
1-0: Ball
2-0: Ball
3-0: Called Strike
3-1: Swinging Strike
3-2: Fly out, F8 (Flyball, 8LS)
Batting: RHB Roberto Andrade 0-0: Ground out 5-3 (Groundball, 5)
Batting: LHB Lance Schiffer 0-0: Called Strike
0-1: Ground out U3 (Groundball, 3)
Top of the 3rd over - 0 run(s), 0 hit(s), 0 error(s), 0 left on base; Milton 1 - Gryfindor 2
BOTTOM OF THE 3RD
Gryfindor Braves batting - Pitching for Milton Bills : LHP Eric Baxter
Batting: RHB Jim Unknown 0-0: Ball
1-0: Ball
2-0: Foul Ball, location: 2F
2-1: Swinging Strike
2-2: Fly out, F4 (Popup, 4MD)
Batting: LHB Jim Unknown 0-0: SINGLE (Line Drive, 4D)
Batting: RHB Jim Unknown 0-0: Ball
1-0: Foul Ball, location: 2F
1-1: Swinging Strike
1-2: Foul Ball, location: 2F
1-2: Strikes out looking
Batting: RHB Kyle Wilson 0-0: Ball
1-0: Foul Ball, location: 2F
1-1: SINGLE (Groundball, 15) (infield hit)
Jim Unknown to second
Batting: RHB Manuel González 0-0: Called Strike
Jim Unknown is caught stealing 3rd base
Bottom of the 3rd over - 0 run(s), 2 hit(s), 0 error(s), 0 left on base; Milton 1 - Gryfindor 2
TOP OF THE 4TH
Milton Bills batting - Pitching for Gryfindor Braves : RHP Sandro So Payo
Batting: RHB Shane Franklin 0-0: Foul Ball, location: 2F
0-1: DOUBLE (Line Drive, 3D)
Batting: RHB Chandler Bailey 0-0: Called Strike
0-1: Swinging Strike
0-2: Ball
1-2: Strikes out looking
Batting: SHB John Allen 0-0: Called Strike
0-1: Ball
1-1: SINGLE (Line Drive, 9S)
Shane Franklin to third
Batting: SHB Al Anderson 0-0: Called Strike
John Allen steals 2nd base
0-1: DOUBLE (Line Drive, 9LM)
Shane Franklin scores
John Allen scores
Batting: RHB Steve McLeod 0-0: Ball
1-0: Called Strike
1-1: Fly out, F8 (Line Drive, 8LS)
Batting: LHB Johnny Hernández 0-0: Foul Ball, location: 2F
0-1: Ball
1-1: Ball
2-1: Called Strike
2-2: Strikes out swinging
Top of the 4th over - 2 run(s), 3 hit(s), 0 error(s), 1 left on base; Milton 3 - Gryfindor 2
BOTTOM OF THE 4TH
Gryfindor Braves batting - Pitching for Milton Bills : LHP Eric Baxter
Batting: RHB Manuel González 0-0: SOLO HOME RUN (Flyball, 7D), Distance : 384 ft
Batting: RHB José Casarreal 0-0: Ball
1-0: Called Strike
1-1: Ball
2-1: Ball
3-1: Base on Balls
Batting: RHB Jim Unknown 0-0: Ball
1-0: Ball
2-0: Foul Ball, location: 2F
2-1: Ball
3-1: SINGLE (Line Drive, 56D)
José Casarreal to second
Batting: RHB Jim Unknown 0-0: Called Strike
0-1: Ball
Wild Pitch!
José Casarreal to third
Jim Unknown to second
1-1: Ball
2-1: SINGLE (Line Drive, 89S)
José Casarreal scores
Jim Unknown to third
Batting: SHB Jim Unknown 0-0: Called Strike
0-1: Ball
1-1: Ball
2-1: Foul Ball, location: 2F
2-2: Ball
3-2: Fly out, F8 (Popup, 4MD)
Batting: RHB Jim Unknown 0-0: Ball
1-0: Ball
2-0: Foul Ball, location: 2F
2-1: Called Strike
2-2: 3-RUN HOME RUN (Flyball, 7LD), Distance : 357 ft
Pitching: LHP Mark Tucker
Batting: LHB Jim Unknown 0-0: Ball
1-0: Swinging Strike
1-1: Swinging Strike
1-2: Ball
2-2: Ball
3-2: Strikes out looking
Batting: RHB Jim Unknown 0-0: Ball
1-0: Ball
2-0: Ball
3-0: Foul Ball, location: 2F
3-1: Foul Ball, location: 2F
3-2: Base on Balls
Batting: RHB Kyle Wilson 0-0: Ball
1-0: Foul Ball, location: 2F
1-1: Ball
2-1: Ball
3-1: Base on Balls
Jim Unknown to second
Batting: RHB Manuel González 0-0: Ball
Wild Pitch!
Jim Unknown to third
Kyle Wilson to second
1-0: Ball
2-0: Ball
3-0: Called Strike
3-1: Foul Ball, location: 2F
3-2: Reached on error, E6 (Groundball, 6)
Jim Unknown scores
Kyle Wilson to third
Batting: RHB José Casarreal 0-0: Called Strike
0-1: Ball
1-1: Called Strike
1-2: Ball
2-2: Fielders Choice at 2nd, U6 (Groundball, 6M)
Bottom of the 4th over - 6 run(s), 4 hit(s), 1 error(s), 2 left on base; Milton 3 - Gryfindor 8
TOP OF THE 5TH
Milton Bills batting - Pitching for Gryfindor Braves : RHP Sandro So Payo
Batting: RHB Jim Lee 0-0: Ball
1-0: Foul Ball, location: 2F
1-1: SINGLE (Flyball, 78S)
Batting: RHB Roberto Andrade 0-0: Ball
1-0: Fly out, F7 (Flyball, 7D)
Batting: LHB Lance Schiffer 0-0: DOUBLE (Line Drive, 9LM)
Jim Lee to third
Batting: RHB Shane Franklin 0-0: Ball
1-0: Fly out, F8 (Flyball, 8LM)
Runner from 3rd tags up, SCORES, no throw
Batting: RHB Chandler Bailey 0-0: Called Strike
0-1: SINGLE (Groundball, 4M)
Lance Schiffer to third
Runner from 3rd tries for Home, SAFE, no throw or cutoff
Pitching: LHP Dusty Mueller
Batting: SHB John Allen 0-0: Called Strike
0-1: Ball
1-1: Ground out 5-3 (Groundball, 5)
Top of the 5th over - 2 run(s), 3 hit(s), 0 error(s), 1 left on base; Milton 5 - Gryfindor 8
BOTTOM OF THE 5TH
Gryfindor Braves batting - Pitching for Milton Bills : LHP Mark Tucker
Batting: RHB Jim Unknown 0-0: SINGLE (Groundball, 56) (infield hit)
Batting: RHB Jim Unknown 0-0: Called Strike
0-1: Ball
1-1: Bunted foul
1-2: Ball
2-2: Ball
3-2: Fly out, F6 (Popup, 6)
Batting: SHB Jim Unknown 0-0: Swinging Strike
0-1: Ball
1-1: Foul Ball, location: 2F
1-2: Ball
2-2: DOUBLE (Line Drive, 78M)
Jim Unknown to third
Batting: RHB Jim Unknown 0-0: Ball
1-0: SINGLE (Line Drive, 8RS)
Jim Unknown scores
Jim Unknown to third
Batting: LHB Jim Unknown 0-0: Fly out, F5 (Popup, 5SF)
Batting: RHB Jim Unknown 0-0: Called Strike
0-1: Called Strike
0-2: Ball
1-2: Ball
2-2: Foul Ball, location: 2F
2-2: Strikes out swinging
Bottom of the 5th over - 1 run(s), 3 hit(s), 0 error(s), 2 left on base; Milton 5 - Gryfindor 9
TOP OF THE 6TH
Milton Bills batting - Pitching for Gryfindor Braves : LHP Dusty Mueller
Batting: SHB Al Anderson 0-0: Called Strike
0-1: Foul Ball, location: 2F
0-2: Strikes out swinging
Batting: RHB Steve McLeod 0-0: Ball
1-0: Foul Ball, location: 2F
1-1: Ball
2-1: Ground out 6-3 (Groundball, 6)
Batting: LHB Johnny Hernández 0-0: Ball
1-0: Called Strike
1-1: SINGLE (Line Drive, 56D)
Batting: RHB Jim Lee 0-0: Ball
1-0: Ball
2-0: Called Strike
2-1: Called Strike
2-2: Foul Ball, location: 2F
2-2: Ball
3-2: Fly out, F7 (Flyball, 7M)
Top of the 6th over - 0 run(s), 1 hit(s), 0 error(s), 1 left on base; Milton 5 - Gryfindor 9
BOTTOM OF THE 6TH
Gryfindor Braves batting - Pitching for Milton Bills : LHP Mark Tucker
Batting: RHB Kyle Wilson 0-0: Foul Ball, location: 2F
0-1: Ball
1-1: Ball
2-1: Ball
3-1: SOLO HOME RUN (Flyball, 9D), Distance : 394 ft
Pitching: RHP Alberto Medina
Batting: RHB Manuel González 0-0: Called Strike
0-1: Ball
1-1: Called Strike
1-2: Ball
2-2: Foul Ball, location: 2F
2-2: Ground out 4-3 (Groundball, 4)
Batting: RHB José Casarreal 0-0: Fly out, F5 (Line Drive, 5)
Batting: RHB Jim Unknown 0-0: Ball
1-0: Ground out 4-3 (Groundball, 4)
Bottom of the 6th over - 1 run(s), 1 hit(s), 0 error(s), 0 left on base; Milton 5 - Gryfindor 10
TOP OF THE 7TH
Milton Bills batting - Pitching for Gryfindor Braves : LHP Dusty Mueller
Batting: RHB Roberto Andrade 0-0: Foul Ball, location: 2F
0-1: Foul Ball, location: 2F
0-2: SINGLE (Line Drive, 78S)
Batting: LHB Lance Schiffer 0-0: Ball
1-0: Ball
2-0: Fly out, F7 (Flyball, 78M)
Batting: RHB Shane Franklin 0-0: Ball
1-0: Foul Ball, location: 2F
1-1: Swinging Strike
1-2: Strikes out swinging
Batting: RHB Chandler Bailey 0-0: Called Strike
0-1: Called Strike
0-2: Foul Ball, location: 2F
0-2: Strikes out swinging
Top of the 7th over - 0 run(s), 1 hit(s), 0 error(s), 1 left on base; Milton 5 - Gryfindor 10
BOTTOM OF THE 7TH
Gryfindor Braves batting - Pitching for Milton Bills : RHP Alberto Medina
Batting: RHB Jim Unknown 0-0: Ball
1-0: Ball
2-0: Swinging Strike
2-1: Called Strike
2-2: Ground out 5-3 (Groundball, 56S)
Batting: SHB Jim Unknown 0-0: Ball
1-0: Ball
2-0: SINGLE (Groundball, 34D)
Batting: RHB Jim Unknown 0-0: Ball
1-0: Called Strike
1-1: Fly out, F5 (Popup, 25F)
Batting: LHB Jim Unknown 0-0: Ball
Single, Error in OF, E7, batter to second base
Jim Unknown to third
Batting: RHB Jim Unknown 0-0: Swinging Strike
0-1: Ball
1-1: Fly out, F9 (Flyball, 9M)
Bottom of the 7th over - 0 run(s), 2 hit(s), 1 error(s), 2 left on base; Milton 5 - Gryfindor 10
TOP OF THE 8TH
Milton Bills batting - Pitching for Gryfindor Braves : LHP Dusty Mueller
Pitching: RHP Joe Benítez
Batting: SHB John Allen 0-0: Foul Ball, location: 2F
0-1: Swinging Strike
0-2: Ball
1-2: Strikes out looking
Batting: SHB Al Anderson 0-0: Foul Ball, location: 2F
0-1: Ball
1-1: Hit by Pitch
Batting: RHB Steve McLeod 0-0: Fielders Choice at 2nd, 5-4 (Groundball, 56)
Batting: LHB Johnny Hernández 0-0: Called Strike
0-1: Called Strike
0-2: Fielders Choice at 2nd, U4 (Groundball, 4M)
Top of the 8th over - 0 run(s), 0 hit(s), 0 error(s), 1 left on base; Milton 5 - Gryfindor 10
BOTTOM OF THE 8TH
Gryfindor Braves batting - Pitching for Milton Bills : RHP Alberto Medina
Pitching: RHP Mike Derdire
Batting: RHB Kyle Wilson 0-0: Ball
1-0: Ball
2-0: Called Strike
2-1: Called Strike
2-2: Strikes out looking
Batting: RHB Manuel González 0-0: Called Strike
0-1: Ball
1-1: SOLO HOME RUN (Line Drive, 7D), Distance : 387 ft
Batting: RHB José Casarreal 0-0: Foul Ball, location: 2F
0-1: Ball
1-1: Called Strike
1-2: Strikes out swinging
Batting: RHB Jim Unknown 0-0: Ball
1-0: Called Strike
1-1: Ball
2-1: Ball
3-1: Foul Ball, location: 2F
3-2: Fly out, F7 (Flyball, 7LD)
Bottom of the 8th over - 1 run(s), 1 hit(s), 0 error(s), 0 left on base; Milton 5 - Gryfindor 11
TOP OF THE 9TH
Milton Bills batting - Pitching for Gryfindor Braves : RHP Joe Benítez
Batting: RHB Jim Lee 0-0: Ball
1-0: Called Strike
1-1: Foul Ball, location: 2F
1-2: Strikes out swinging
Batting: RHB Roberto Andrade 0-0: DOUBLE (Groundball, 5L)
Batting: LHB Lance Schiffer 0-0: Called Strike
0-1: Foul Ball, location: 2F
0-2: Ball
1-2: Ground out U3 (Groundball, 3S)
Roberto Andrade to third
Batting: RHB Shane Franklin 0-0: Ball
1-0: Ball
2-0: Swinging Strike
2-1: Fly out, F7 (Flyball, 7M)
Top of the 9th over - 0 run(s), 1 hit(s), 0 error(s), 1 left on base; Milton 5 - Gryfindor 11
This league is powered by Out of the Park Baseball, the baseball management simulation game for PC, Mac and Linux
Saturday, February 27th, 2021 - OOTP Baseball 15.6 Build 34